 Dungeon Crawl Stone Soup version 0.24-a0-447-ge8da9206dc (webtiles) character file.

Game seed: 4068458488998485834

39787 JellyEater the Geomancer (level 14, -8/92 HPs)
             Began as a Gargoyle Earth Elementalist on June 25, 2019.
             Was a High Priest of Vehumet.
             Engulfed by a frost giant's freezing vapour (20 damage)
             ... on level 13 of the Dungeon.
             The game lasted 00:41:52 (18284 turns).

JellyEater the Geomancer (GrEE)                    Turns: 18284, Time: 00:41:53

Health: -8/92      AC: 23    Str: 14    XL:     14   Next: 8%
Magic:  17/26      EV: 14    Int: 23    God:    Vehumet [*****.]
Gold:   3060       SH:  0    Dex: 10    Spells: 7/30 levels left

rFire    + + .     SeeInvis +   v - +7 morningstar
rCold    . . .     Gourm    .   (no shield)
rNeg     + . .     Faith    .   t - +3 leather armour of Ziator {rF+ MR+ Str+2 Stlth+}
rPois    ∞         Spirit   .   (helmet restricted)
rElec    +         Reflect  .   r - +2 cloak
rCorr    .         Harm     .   L - +0 pair of gloves
MR       ++...                  G - +0 pair of boots
Stlth    +++.......             o - amulet of the acrobat
HPRegen  0.25/turn              j - ring of protection from fire
MPRegen  0.20/turn              D - ring of see invisible

@: flying, studying Shields
A: big wings, horns 1, clever 1, negative energy resistance 1, robust 1,
electricity resistance, unbreathing, petrification resistance, rot immunity, AC
+10
a: Stop Flying, Renounce Religion


You were on level 13 of the Dungeon.
You worshipped Vehumet.
Vehumet was extremely pleased with you.
You were not hungry.

You visited 2 branches of the dungeon, and saw 16 of its levels.
You also visited: Ossuary and Bailey.

You collected 3060 gold pieces.

Inventory:

Hand Weapons
 v - a +7 morningstar (weapon)
Missiles
 b - 37 stones (quivered)
 g - 41 poisoned darts
Armour
 c - a +0 robe
 i - a +2 helmet
 r - a +2 cloak (worn)
 t - the +3 leather armour of Ziator (worn) {rF+ MR+ Str+2 Stlth+}
   (You found it on level 4 of the Dungeon)

   It affects your strength (+2).
   It protects you from fire.
   It affects your resistance to hostile enchantments.
   It makes you more stealthy.
 G - a +0 pair of boots (worn)
 L - a +0 pair of gloves (worn)
Jewellery
 j - a ring of protection from fire (left hand)
 o - an amulet of the acrobat (around neck)
 x - an uncursed ring of protection from cold
 C - an uncursed ring of resist corrosion
 D - a ring of see invisible (right hand)
 N - an uncursed ring of protection from magic
Wands
 e - a wand of random effects (37)
 f - a wand of digging (3)
 q - a wand of paralysis (4)
 u - a wand of iceblast (13)
Scrolls
 a - 6 scrolls of identify
 h - 2 scrolls of remove curse
 m - a scroll of immolation
 w - 3 scrolls of fog
 y - 4 scrolls of amnesia
 J - a scroll of blinking
 O - a scroll of magic mapping
 Q - a scroll of teleportation
Potions
 k - 5 potions of lignification
 n - 4 potions of curing
 p - a potion of cancellation
 s - 3 potions of brilliance
 z - a potion of resistance
 A - 3 potions of heal wounds
 B - a potion of magic
 E - a potion of ambrosia
 H - a potion of haste
 I - 2 potions of agility
 K - 2 potions of might
Books
 l - a manual of Shields
Miscellaneous
 F - a lamp of fire
 M - a fan of gales
Comestibles
 d - 21 rations
 P - a chunk of flesh


   Skills:
 + Level 8.7 Fighting
 + Level 7.9 Maces & Flails
 - Level 8.1 Armour
 + Level 6.8 Dodging
 - Level 2.1 Stealth
 + Level 8.7 Spellcasting
 + Level 9.7 Conjurations
   Level 0.7 Transmutations
 * Level 7.2 Fire Magic
 + Level 11.4 Earth Magic
 - Level 6.0 Evocations


You had 7 spell levels left.
You knew the following spells:

 Your Spells              Type           Power        Failure   Level  Hunger
a - Sandblast             Erth           ######       1%          1    None
b - Stone Arrow           Conj/Erth      ######       1%          3    None
c - Lee's Rapid Deconstr  Erth           ######....   1%          5    ####...
d - Mephitic Cloud        Conj/Pois/Air  ###.....     1%          3    None
e - Bolt of Draining      Conj/Necr      ####......   8%          5    ####...
f - Bolt of Fire          Conj/Fire      #####.....   11%         6    ######.

Your spell library contained the following spells:

 Spells                   Type           Power        Failure   Level  Hunger
 Spellforged Servitor     Conj/Summ      ####......   88%         7    #######
 Flame Tongue             Conj/Fire      #####        1%          1    None
 Magic Dart               Conj           ####         1%          1    None
 Passwall                 Tmut/Erth      #####...     1%          2    None
 Conjure Flame            Conj/Fire      #####...     1%          3    None
 Dazzling Spray           Conj/Hex       ####..       1%          3    None
 Fulminant Prism          Conj/Hex       ####......   3%          4    ##.....
 Petrify                  Tmut/Erth      #####...     6%          4    ##.....
 Corona                   Hex            ##.....      8%          1    None
 Blink                    Tloc           N/A          12%         2    None
 Call Imp                 Summ           ##......     12%         2    None
 Ensorcelled Hibernation  Hex/Ice        ##....       12%         2    None
 Poisonous Vapours        Pois/Air       ##....       12%         2    None
 Slow                     Hex            ##......     12%         2    None
 Confuse                  Hex            ##......     22%         3    None
 Tukima's Dance           Hex            ##......     22%         3    None
 Cause Fear               Hex            ##........   58%         4    ##.....
 Freezing Cloud           Conj/Ice/Air   ###.......   58%         6    ######.
 Dragon Form              Tmut           ##........   100%        7    #######
 Ring of Flames           Chrm/Fire      ####......   100%        7    #######
 Dragon's Call            Summ           ##........   100%        9    #######
 Shatter                  Erth           ######....   100%        9    #######


Dungeon Overview and Level Annotations

Branches:
Dungeon (15/15)            Temple (1/1) D:5            Lair (0/6) D:9
    Orc (0/2) D:10         Vaults (0/5) D:13
 Depths: D:15

Altars:
Ashenzari
Cheibriados
Dithmenos
Elyvilon
Fedhas
Gozag
Hepliaklqana
Kikubaaqudgha
Makhleb
Nemelex Xobeh
Okawaru
Qazlal
Ru
Sif Muna
Trog
Uskayaw
Vehumet
Wu Jian
Xom
Yredelemnul
Zin
The Shining One

Shops:
D:7 *

Annotations:
D:11 2 runed translucent doors, Elric's ghost, novice MiBe


Innate Abilities, Weirdness & Mutations

You are resistant to torment.
Your stone body is resilient. (AC +10)
You are immune to poison.
Your large and strong wings let you fly indefinitely.
You resist negative energy. (rN+)
You are resistant to electric shocks. (rElec)
You can survive without breathing.
You are immune to petrification.
You are immune to rotting.
You have a pair of small horns on your head.
Your mind is acute. (Int +2)
You are robust. (+10% HP)


Message History

Confirm with . or Enter, or press ? or * to list all spells.
Aiming: Sandblast (safe; 1% risk of failure)
Press: ? - help, Shift-Dir - straight line, f/p - frost giant
Aim: a frost giant, wielding a +1 battleaxe of freezing (water, heavily wounded)
The blast of sand hits the frost giant!
The frost giant is severely wounded.
b - 38 stones The frost giant gestures at you while chanting.
The bolt of cold hits you!!
* * * LOW HITPOINT WARNING * * *
Casting: Sandblast (safe; 1% risk of failure)
Confirm with . or Enter, or press ? or * to list all spells.
Aiming: Sandblast (safe; 1% risk of failure)
Press: ? - help, Shift-Dir - straight line, f/p - frost giant
Aim: a frost giant, wielding a +1 battleaxe of freezing (water, severely wounded)
The blast of sand hits the frost giant!!
The frost giant is almost dead.
b - 37 stones You are engulfed in freezing vapours.
You die...

≈### ≈≈≈## ≈≈≈ ≈≈≈≈#
≈≈ ≈≈≈≈## ≈# ≈≈≈≈≈#
#≈# ##≈≈≈## ##≈≈#
###≈≈≈### #≈≈≈####≈
####≈≈≈≈####
###≈≈≈≈≈≈≈≈ ≈#
##≈≈≈≈≈≈###○○@○C≈≈≈≈≈
≈#
##≈≈≈≈≈≈≈≈≈≈≈≈≈≈≈≈≈≈
≈#
#≈≈≈≈≈≈≈≈≈≈≈≈≈≈≈≈≈≈
##
##≈≈≈≈≈≈≈≈≈≈≈≈≈≈≈≈≈ #
#≈≈≈≈≈≈≈≈≈≈≈≈≈≈≈≈≈
#≈≈≈≈≈≈≈≈≈≈≈≈≈≈≈≈≈
##≈≈≈≈≈≈≈≈≈≈≈≈≈≈##
#≈≈≈≈≈≈≈≈≈≈≈≈≈≈#
##≈≈≈≈≈≈≈.≈≈≈≈≈≈≈#


You could see a frost giant.

Vanquished Creatures
  Jorgrun (D:13)
  An ogre mage (D:13)
  An ice dragon (D:13)
  8 vault guards (D:13)
  Erica (D:11)
  4 centaur warriors
  5 two-headed ogres
  A tengu warrior (D:14)
  Nergalle (D:11)
  Sonja (D:13)
  3 skeletal warriors (D:13)
  An unseen horror (D:11)
  An orc knight (Bailey)
  An ugly thing (D:13)
  4 cyclopes
  A manticore (D:13)
  An ice statue (D:13)
  4 molten gargoyles (D:9)
  2 gargoyles
  A komodo dragon (D:13)
  A tengu conjurer (D:14)
  2 trolls
  A hornet (D:12)
  Grinder (D:5)
  A meliai zombie (D:13)
  2 hippogriffs
  A shadow (D:11)
  2 water elementals (D:13)
  Sigmund (D:4)
  2 wyverns
  22 yaks
  2 wraiths (D:10)
  A human (shapeshifter) (D:13)
  A golden eye (shapeshifter) (D:11)
  Grum (D:11)
  An acid dragon (D:14)
  A soldier ant (D:13)
  3 sky beasts
  2 black bears
  12 ice beasts
  3 phantoms
  20 orc warriors
  3 ogres
  4 wolves
  9 centaurs
  A crocodile (D:8)
  An elf zombie (Ossuary)
  4 bullfrogs
  A wyvern skeleton (D:12)
  A scorpion (D:12)
  3 wights (D:7)
  4 howler monkeys
  8 jellies
  4 electric eels
  A lava snake (D:9)
  2 crimson imps
  2 bullfrog zombies
  8 orc priests
  5 centaur skeletons
  A gnoll shaman (D:4)
  15 hounds
  14 orc wizards
  4 bullfrog skeletons
  4 iguanas
  9 worker ants
  A big kobold zombie (Ossuary)
  2 hound skeletons
  4 mummies (Ossuary)
  Robin (D:4)
  A howler monkey skeleton (D:4)
  11 adders
  3 gnolls (D:4)
  4 shadow imps
  6 oozes
  2 adder zombies
  4 adder skeletons
  2 worms
  3 dart slugs (D:1)
  A leopard gecko (D:9)
  56 orcs
  3 giant cockroaches
  11 hobgoblins
  12 jackals
  6 quokkas
  A ball python (D:1)
  10 bats
  5 frilled lizards
  20 goblins
  A goblin zombie (Ossuary)
  2 hobgoblin zombies (Ossuary)
  A jackal zombie (Ossuary)
  14 kobolds
  3 kobold zombies (Ossuary)
  A leopard gecko skeleton (D:5)
  2 orc zombies (Ossuary)
  6 rats
  A rat zombie (Ossuary)
434 creatures vanquished.

Vanquished Creatures (others)
  A wyvern (D:14)
  3 fungi (D:9)
  A plant (D:9)
5 creatures vanquished.

Grand Total: 439 creatures vanquished

Notes
Turn   | Place    | Note
-------+----------+-------------------------------------------
     0 | D:1      | JellyEater the Gargoyle Earth Elementalist began the quest
                  | for the Orb.
     0 | D:1      | Reached XP level 1. HP: 10/10 MP: 3/3
     6 | D:1      | Noticed a black bear
     6 | D:1      | Noticed an iguana
     7 | D:1      | Noticed a worker ant
     7 | D:1      | Noticed a wyvern
   154 | D:1      | Reached skill level 4 in Earth Magic
   154 | D:1      | Reached XP level 2. HP: 8/15 MP: 0/5
   831 | D:1      | Reached XP level 3. HP: 18/19 MP: 6/6
   836 | D:1      | Learned a level 3 spell: Stone Arrow
  1585 | D:2      | Reached skill level 1 in Conjurations
  1794 | D:2      | Reached XP level 4. HP: 23/24 MP: 8/8
  3343 | D:3      | Reached skill level 5 in Earth Magic
  3808 | D:4      | Reached XP level 5. HP: 28/28 MP: 6/9
  3815 | D:4      | Learned a level 5 spell: Lee's Rapid Deconstruction
  4349 | D:4      | Reached XP level 6. HP: 26/32 MP: 7/11
  4430 | D:4      | Noticed Robin
  4494 | D:4      | Killed Robin
  4824 | D:4      | Noticed Sigmund
  4830 | D:4      | Killed Sigmund
  4830 | D:4      | Reached skill level 6 in Earth Magic
  4830 | D:4      | Reached XP level 7. HP: 36/36 MP: 9/13
  4966 | D:4      | Got a transparent leather armour
  4977 | D:4      | Identified the +3 leather armour of Ziator {rF+ MR+ Str+2
                  | Stlth+} (You found it on level 4 of the Dungeon)
  5113 | D:5      | Entered Level 5 of the Dungeon
  5172 | D:5      | Found a staircase to the Ecumenical Temple.
  5182 | Temple   | Entered the Ecumenical Temple
  5260 | Temple   | Became a worshipper of Vehumet
  5419 | D:5      | Reached skill level 1 in Maces & Flails
  5504 | D:5      | Reached skill level 1 in Fighting
  5517 | D:5      | Reached skill level 1 in Armour
  5611 | D:5      | Found a shattered altar of Ashenzari.
  5648 | D:5      | Reached skill level 1 in Evocations
  5648 | D:5      | Reached XP level 8. HP: 33/43 MP: 13/15
  5758 | D:5      | Noticed Grinder
  5775 | D:5      | Killed Grinder
  5775 | D:5      | Reached skill level 7 in Earth Magic
  5875 | D:5      | Reached skill level 5 in Spellcasting
  6470 | D:6      | Learned a level 3 spell: Mephitic Cloud
  6503 | D:6      | Found a sand-covered staircase.
  6512 | D:6      | Reached skill level 5 in Conjurations
  6523 | Ossuary  | Entered an ossuary
  6536 | Ossuary  | Reached * piety under Vehumet
  6536 | Ossuary  | Offered knowledge of Freeze by Vehumet.
  7250 | D:6      | Found a sparkling altar of Nemelex Xobeh.
  7360 | D:6      | Reached XP level 9. HP: 49/49 MP: 13/16
  7864 | D:7      | Found an ancient bone altar of Kikubaaqudgha.
  7866 | D:7      | Found Axefrep's Profane Products.
  7976 | D:7      | Reached ** piety under Vehumet
  7976 | D:7      | Offered knowledge of Shock by Vehumet.
  7986 | D:7      | Found a flagged portal.
  8022 | Bailey   | Entered a bailey
  8888 | Bailey   | Reached skill level 8 in Earth Magic
  9477 | Bailey   | Found a roughly hewn altar of Beogh.
  9477 | Bailey   | Noticed an orc knight
  9484 | Bailey   | Killed an orc knight
  9484 | Bailey   | Reached XP level 10. HP: 36/57 MP: 17/19
  9498 | Bailey   | Identified a scroll of acquirement
  9595 | Bailey   | Offered knowledge of Dazzling Spray by Vehumet.
 10219 | D:8      | Reached *** piety under Vehumet
 11185 | D:9      | Identified the Tome of Ashen Enchantment
 11233 | D:9      | Noticed a two-headed ogre
 11243 | D:9      | Killed a two-headed ogre
 11265 | D:9      | Reached skill level 5 in Fighting
 11301 | D:9      | Found a blossoming altar of Fedhas.
 11313 | D:9      | Reached skill level 5 in Armour
 11444 | D:9      | Offered knowledge of Ignite Poison by Vehumet.
 11444 | D:9      | Reached skill level 9 in Earth Magic
 11571 | D:9      | Found a staircase to the Lair.
 11615 | D:9      | Reached skill level 5 in Maces & Flails
 11615 | D:9      | Reached XP level 11. HP: 53/64 MP: 14/20
 11912 | D:9      | You fall into a shaft and drop 2 floors!
 11912 | D:11     | Noticed a cyclops
 11919 | D:11     | Killed a cyclops
 12344 | D:11     | Noticed Erica
 12349 | D:10     | Entered Level 10 of the Dungeon
 12924 | D:9      | Reached **** piety under Vehumet
 13091 | D:9      | Offered knowledge of Airstrike by Vehumet.
 13362 | D:10     | Found a staircase to the Orcish Mines.
 13384 | D:10     | Reached skill level 5 in Dodging
 13392 | D:10     | Reached skill level 5 in Evocations
 14189 | D:10     | Learned a level 6 spell: Bolt of Fire
 14350 | D:11     | Killed Erica
 14350 | D:11     | Reached skill level 10 in Earth Magic
 14350 | D:11     | Reached XP level 12. HP: 66/71 MP: 17/23
 14485 | D:11     | Reached skill level 1 in Fire Magic
 14689 | D:11     | Noticed Grum
 14702 | D:11     | Reached ***** piety under Vehumet
 14703 | D:11     | Killed Grum
 14758 | D:11     | Noticed a centaur warrior
 14776 | D:11     | Killed a centaur warrior
 14972 | D:11     | Found a large runed translucent door.
 14975 | D:11     | Offered knowledge of Bolt of Draining by Vehumet.
 14976 | D:11     | Found a large runed translucent door.
 14982 | D:11     | Noticed Elric's ghost (novice MiBe)
 15354 | D:11     | Noticed Nergalle
 15358 | D:11     | Killed Nergalle
 15694 | D:12     | You fall into a shaft and drop 3 floors!
 15694 | D:15     | Entered Level 15 of the Dungeon
 15725 | D:14     | Noticed a centaur warrior
 15737 | D:14     | Killed a centaur warrior
 15842 | D:14     | Noticed a tengu warrior
 15857 | D:14     | Killed a tengu warrior
 15978 | D:14     | Noticed a centaur warrior
 15996 | D:14     | Killed a centaur warrior
 16214 | D:13     | Learned a level 5 spell: Bolt of Draining
 16243 | D:13     | Reached XP level 13. HP: 41/77 MP: 0/24
 16481 | D:13     | Found a gate to the Vaults.
 16481 | D:13     | Noticed a vault guard
 16481 | D:13     | Noticed a vault guard
 16481 | D:13     | Noticed a vault guard
 16481 | D:13     | Noticed a vault guard
 16481 | D:13     | Noticed a vault guard
 16482 | D:13     | Noticed a vault guard
 16482 | D:13     | Noticed a vault guard
 16482 | D:13     | Noticed a vault guard
 16485 | D:13     | Killed a vault guard
 16486 | D:13     | Killed a vault guard
 16486 | D:13     | Reached skill level 5 in Fire Magic
 16487 | D:13     | Killed a vault guard
 16487 | D:13     | Killed a vault guard
 16488 | D:13     | Killed a vault guard
 16488 | D:13     | Killed a vault guard
 16488 | D:13     | Killed a vault guard
 16488 | D:13     | Reached skill level 11 in Earth Magic
 16499 | D:13     | Killed a vault guard
 16500 | D:13     | Noticed Jorgrun
 16513 | D:13     | Killed Jorgrun
 16648 | D:13     | Noticed Sonja
 16656 | D:13     | Killed Sonja
 17056 | D:13     | Gained mutation: You have a pair of small horns on your
                  | head. [potion of mutation]
 17056 | D:13     | Gained mutation: You are robust. (+10% HP) [potion of
                  | mutation]
 17056 | D:13     | Gained mutation: Your mind is acute. (Int +2) [potion of
                  | mutation]
 17066 | D:13     | Offered knowledge of Spellforged Servitor by Vehumet.
 17088 | D:13     | Noticed an ogre mage
 17097 | D:13     | Killed an ogre mage
 17473 | D:13     | Gained mutation: Your large and strong wings let you fly
                  | indefinitely. [Gargoyle growth]
 17473 | D:13     | Reached XP level 14. HP: 80/92 MP: 26/26
 17584 | D:13     | Noticed a frost giant
 18284 | D:13     | Engulfed by a frost giant's freezing vapour

Levels and vault maps discovered:
D:1:      onia_arrival_zoo_common, layout_basic, st_stairs_4
D:2:      layout_basic, first_ration
D:3:      layout_basic, minmay_misc_feat_five
D:4:      layout_loops_corners, uniq_robin, uniq_sigmund
D:5:      minmay_general_purpose_star, layout_basic, minmay_temple_entry_arrows,
          cheibrodos_ashenzari_chains, uniq_grinder
D:6:      layout_basic, enter_ossuary_2, nemelex_diamond_rough_becter
D:7:      layout_basic, enter_bailey_3, nicolae_evil_shop
D:8:      layout_gridville
D:9:      layout_basic, fedhas_altar_3, erik_lair_island,
          hangedman_little_slice_of_home, minivault_8
D:10:     layout_roguey, orc_0_dummy
D:11:     layout_stronghold, ebering_ghost_disaster_area, uniq_nergalle,
          uniq_erica, uniq_grum
D:12:     layout_small_grid
D:13:     minmay_twisted_water, layout_irregular_city, erik_vaults_2,
          uniq_jorgrun, uniq_sonja
D:14:     layout_irregular_city, skrybe_limestone_x
D:15:     hangedman_depths_entry_civil_slaughter, layout_irregular_city
Temple:   nicolae_temple_the_god_donut

Skill      XL: |  1  2  3  4  5  6  7  8  9 10 11 12 13 |
---------------+----------------------------------------+-----
Earth Magic    | 4 5 6 7 8 9 10 11 | 11.4
Conjurations   | 1 2 3 4 5 6 7 8 9 |  9.7
Spellcasting   | 3 4 5 6 7 8 |  8.7
Maces & Flails | 1 2 4 5 6 7 |  7.9
Fighting       | 1 2 4 5 6 7 8 |  8.7
Armour         | 1 2 4 5 6 7 8 |  8.1
Evocations     | 1 2 3 4 5 6 |  6.0
Dodging        | 2 3 4 5 6 |  6.8
Fire Magic     | 4 7 |  7.2
Stealth        | |  2.1
Transmutations | |  0.7

Action                   |  1- 3 |  4- 6 |  7- 9 | 10-12 | 13-15 || total
-------------------------+-------+-------+-------+-------+-------++-------
Melee: Unarmed           |    10 |       |       |       |       ||    10
       Club              |   109 |   191 |     6 |       |       ||   306
       Morningstar       |       |       |   214 |   295 |    59 ||   568
       Headbutt          |       |       |       |       |     7 ||     7
Throw: Dart              |       |     1 |       |       |       ||     1
 Cast: Sandblast         |    31 |    46 |    80 |   218 |    72 ||   447
       Stone Arrow       |       |     1 |     2 |     8 |     7 ||    18
       Lee's Rapid Decon |       |       |    13 |    33 |    22 ||    68
       Bolt of Fire      |       |       |       |       |     1 ||     1
 Abil: Fly               |       |       |       |       |     1 ||     1
Evoke: Wand              |       |     2 |     9 |    15 |     6 ||    32
  Use: Scroll            |     6 |     6 |    14 |    14 |     2 ||    42
       Potion            |       |     3 |     2 |       |     6 ||    11
 Stab: Sleeping          |     1 |     3 |     6 |     7 |       ||    17
  Eat: Chunk             |     3 |    10 |    13 |    28 |    11 ||    65
       Ration            |       |       |     2 |       |     1 ||     3
Armor: Robe              |    67 |   110 |       |       |       ||   177
       Leather armour    |       |       |   134 |   252 |    55 ||   441
Dodge: Dodged            |   144 |   225 |   250 |   384 |    73 ||  1076

Table legend:
 A = Non-vault XP
 B = Vault XP
 C = Vault XP percentage of total XP
 D = Non-vault monster count
 E = Vault monster count
 F = Vault count percentage of total count
                 A         B        C        D         E       F
            +---------+---------+-------+---------+---------+-------
      Total |   35152 |   21687 |  38.2 |     321 |     113 |  26.0
            +---------+---------+-------+---------+---------+-------
        D:1 |      57 |       4 |   6.6 |      29 |       2 |   6.5
        D:2 |      61 |       0 |   0.0 |      22 |       0 |   0.0
        D:3 |      39 |       0 |   0.0 |      16 |       0 |   0.0
        D:4 |     478 |     258 |  35.1 |      19 |      14 |  42.4
        D:5 |     508 |     316 |  38.3 |      15 |       3 |  16.7
        D:6 |     692 |       0 |   0.0 |      16 |       0 |   0.0
        D:7 |     910 |       8 |   0.9 |      25 |       4 |  13.8
        D:8 |     746 |       0 |   0.0 |      14 |       0 |   0.0
        D:9 |    3966 |    2599 |  39.6 |      43 |      21 |  32.8
       D:10 |    4538 |       0 |   0.0 |      39 |       0 |   0.0
       D:11 |    5186 |    2259 |  30.3 |      27 |       6 |  18.2
       D:12 |     562 |       0 |   0.0 |       5 |       0 |   0.0
       D:13 |   12804 |   14036 |  52.3 |      38 |      21 |  35.6
       D:14 |    4605 |       0 |   0.0 |      13 |       0 |   0.0
    Ossuary |       0 |     210 | 100.0 |       0 |      16 | 100.0
     Bailey |       0 |    1997 | 100.0 |       0 |      26 | 100.0
            +---------+---------+-------+---------+---------+-------
